 Dungeon Crawl Stone Soup version 0.31-a0-229-g1fc7ce93e2 (webtiles) character file.

Game seed: 3556990857799079776

331 qw the Shooter (level 6, -2/52 HPs)
             Began as a Minotaur Hexslinger on July 6, 2023.
             Slain by a black bear (9 damage)
             ... on level 4 of the Dungeon.
             The game lasted 00:01:14 (3119 turns).

qw the Shooter (Minotaur Hexslinger)                Turns: 3119, Time: 00:01:14

Health: -2/52      AC:  5    Str: 13    XL:     6   Next: 26%
Magic:  6/6        EV: 11    Int: 10    God:
Gold:   215        SH:  0    Dex: 14    Spells: 6/7 levels left

rFire   . . .        Y - +1 sling
rCold   . . .        (no shield)
rNeg    . . .        f - +0 ring mail
rPois   .            (helmet restricted)
rElec   .            (no cloak)
rCorr   .            (no gloves)
SInv    +            (no boots)
Will    .....        (no amulet)
Stlth   +            h - ring of see invisible
HPRegen 0.28/turn    (no ring)
MPRegen 0.10/turn

%: no passive effects
@: about to teleport
A: horns 2, retaliatory headbutt
a: no special abilities


You were on level 4 of the Dungeon.
You visited 1 branch of the dungeon, and saw 4 of its levels.

You collected 215 gold pieces.


Innate Abilities, Weirdness & Mutations

You have a pair of horns on your head.
You reflexively headbutt those who attack you in melee.


   Skills:
 + Level 3.8 Fighting
 - Level 6.1 Ranged Weapons
 - Level 2.0 Armour
 - Level 2.1 Dodging
 - Level 1.0 Spellcasting
 - Level 2.0 Hexes


You had 6 spell levels left.
You knew the following spells:

 Your Spells              Type           Power      Damage    Failure   Level
a - Slow                  Hex            16%        N/A       32%         1

Your spell library contained the following spells:

 Spells                   Type           Power      Damage    Failure   Level
 Inner Flame              Hex/Fire       2%         N/A       82%         3
 Portal Projectile        Hex/Tloc       4%         N/A       82%         3
 Cause Fear               Hex            2%         N/A       97%         4

Inventory:

Hand Weapons
 Y - a +1 sling (weapon)
Armour
 f - a +0 ring mail (worn)
Jewellery
 c - an amulet of guardian spirit
 h - a ring of see invisible (left hand)
Wands
 e - a wand of digging (7)
Scrolls
 b - a scroll of revelation {unknown}
 j - a scroll of blinking {unknown}
Potions
 a - 2 potions of lignification {unknown}
 d - a potion of invisibility {unknown}
 g - a potion of might {unknown}
 k - a potion of resistance {unknown}
 l - a potion of brilliance {unknown}
 m - a potion of mutation {unknown}
 n - a potion of enlightenment {unknown}

Dungeon Overview and Level Annotations

Branches:
Dungeon (4/15)
 Temple: D:4-7

Altars:
Dithmenos
Uskayaw
Xom

Annotations:
D:4 1 transporter, qw's ghost, amateur MiHs


Message History

The sling bullet hits the black bear but does no damage.
The black bear is lightly wounded.
You shoot a sling bullet. The sling bullet hits the black bear.
The black bear is moderately wounded.
The black bear bites you! The black bear claws you.
The black bear claws you but does no damage.
You shoot a sling bullet. The sling bullet hits the black bear.
The black bear is heavily wounded.
The black bear barely misses you. You furiously retaliate!
You headbutt the black bear.
The black bear claws you but does no damage.
The black bear barely misses you.
You shoot a sling bullet. The sling bullet hits the black bear.
The black bear is heavily wounded.
The black bear bites you! The black bear misses you.
The black bear barely misses you.
You shoot a sling bullet. The sling bullet hits the black bear.
The black bear is severely wounded.
The black bear bites you but does no damage.
The black bear claws you but does no damage. x2
You shoot a sling bullet. The sling bullet hits the black bear.
The black bear is severely wounded.
The black bear goes berserk!
The black bear misses you. The black bear barely misses you.
The black bear claws you.
You shoot a sling bullet.
The sling bullet barely misses the black bear.
The black bear bites you. The black bear closely misses you. x2
You shoot a sling bullet.
The sling bullet hits the black bear but does no damage.
The black bear is severely wounded.
The black bear closely misses you. The black bear claws you. x2
The black bear bites you. The black bear barely misses you.
The black bear claws you.
3119 ||| READING scroll of teleportation.
As you read the scroll of teleportation, it crumbles to dust.
You feel strangely unstable. The black bear bites you.
The black bear claws you.
The black bear claws you but does no damage.
The black bear bites you!
You die...

#..#### .##
#..##.. .
#..##.# .##
#..##.####.#
#..##.##... #
#..##.##.# #.#
#........# ..
#..##.##.###.#
#..##.##(.@h.#
#..##.####.###
#.%##.# #.#
#.)##.. ..)
#..#### #.##
#..# #.# #...
... #.#. ###
#. .


You could see a black bear (berserk).

Vanquished Creatures
  2 hounds
  An orc priest (D:3)
  Natasha (twice) (D:2 D:1)
  An orc wizard (D:3)
  Robin (D:3)
  7 adders
  A worm (D:4)
  A dart slug (D:2)
  3 orcs
  3 ball pythons
  5 endoplasms
  18 goblins
  7 hobgoblins
  4 jackals (D:2)
  A quokka (D:4)
  5 bats
  18 frilled lizards
  5 kobolds
  8 rats
93 creatures vanquished.

Notes
Turn   | Place    | Note
-------+----------+-------------------------------------------
     0 | D:1      | qw the Minotaur Hexslinger began the quest for the Orb.
     0 | D:1      | Reached XP level 1. HP: 16/16 MP: 1/1
     0 | D:1      | 0 ||| qw: Version: 0.3-a-46-gb1f654a
     0 | D:1      | 0 ||| qw: Game counter: 1509
     0 | D:1      | 0 ||| qw: Melee chars always use a shield: true
     0 | D:1      | 0 ||| qw: God list: Okawaru
     0 | D:1      | 0 ||| qw: Allow faded altars: false
     0 | D:1      | 0 ||| qw: Do Orc after clearing Dungeon:15 true
     0 | D:1      | 0 ||| qw: Do second Lair branch before Depths: true
     0 | D:1      | 0 ||| qw: Lair rune preference: random
     0 | D:1      | 0 ||| qw: Goals: Normal
     0 | D:1      | 0 ||| PLANNING D:1-11
    23 | D:1      | HP: 4/16 [hobgoblin (3)]
   118 | D:1      | Reached skill level 3 in Ranged Weapons
   122 | D:1      | Reached XP level 2. HP: 23/23 MP: 2/2
   662 | D:1      | 662 ||| UPGRADING to +0 leather armour.
   672 | D:1      | 672 ||| DROPPING +0 robe.
   673 | D:1      | 673 ||| UPGRADING to +0 ring mail.
   683 | D:1      | 683 ||| DROPPING +0 leather armour.
   684 | D:1      | 684 ||| DROPPING ring of magical power.
   685 | D:1      | 685 ||| READING scroll labelled TEIQIAGORGHE.
   686 | D:1      | 686 ||| READING scroll labelled LIOTHR QEKOING.
   691 | D:1      | 691 ||| DROPPING scroll of poison.
   734 | D:2      | Reached XP level 3. HP: 29/29 MP: 3/3
   803 | D:2      | Reached skill level 4 in Ranged Weapons
   863 | D:2      | Noticed Natasha
   864 | D:2      | 864 ||| FLEEEEING.
   874 | D:2      | Killed Natasha
   875 | D:2      | Reached XP level 4. HP: 11/36 MP: 4/4
  1025 | D:2      | Noticed Natasha
  1027 | D:2      | 1027 ||| FLEEEEING.
  1028 | D:2      | 1028 ||| FLEEEEING.
  1029 | D:2      | 1029 ||| FLEEEEING.
  1030 | D:2      | 1030 ||| FLEEEEING.
  1031 | D:2      | 1031 ||| FLEEEEING.
  1032 | D:2      | 1032 ||| FLEEEEING.
  1033 | D:2      | 1033 ||| FLEEEEING.
  1034 | D:2      | 1034 ||| FLEEEEING.
  1035 | D:2      | 1035 ||| FLEEEEING.
  1036 | D:2      | 1036 ||| FLEEEEING.
  1037 | D:2      | 1037 ||| FLEEEEING.
  1038 | D:2      | 1038 ||| FLEEEEING.
  1039 | D:2      | 1039 ||| FLEEEEING.
  1040 | D:2      | 1040 ||| FLEEEEING.
  1044 | D:2      | 1044 ||| STAIRDANCE
  1078 | D:2      | 1078 ||| STAIRDANCE
  1082 | D:1      | Killed Natasha
  1242 | D:2      | HP: 9/36 [poisoned by an adder]
  1243 | D:2      | Reached skill level 5 in Ranged Weapons
  1381 | D:2      | Reached XP level 5. HP: 40/41 MP: 5/5
  1395 | D:2      | Found a shimmering altar of Xom.
  1845 | D:2      | 1845 ||| DROPPING ring of flight.
  1903 | D:3      | Noticed Robin
  1925 | D:3      | Killed Robin
  1926 | D:3      | Reached skill level 3 in Fighting
  2286 | D:3      | HP: 11/45 [something (1)]
  2289 | D:3      | Reached skill level 6 in Ranged Weapons
  2289 | D:3      | Reached XP level 6. HP: 14/51 MP: 6/6
  2442 | D:3      | Found a hide-covered altar of Uskayaw.
  2454 | D:3      | Found a shadowy altar of Dithmenos.
  2843 | D:3      | Found a faded altar of an unknown god.
  2844 | D:3      | 2844 ||| UPGRADING to ring of see invisible.
  2845 | D:3      | 2845 ||| READING scroll labelled ETISTI GAAXTOK.
  2930 | D:3      | 2930 ||| READING scroll labelled SOCHOU FE BAE.
  3029 | D:4      | Found a transporter.
  3042 | D:4      | Noticed qw's ghost (amateur MiHs)
  3118 | D:4      | HP: 12/52 [black bear (5)]
  3119 | D:4      | 3119 ||| READING scroll of teleportation.
  3119 | D:4      | Slain by a black bear

Levels and vault maps discovered:
D:1:      ebering_trefoil_twist, layout_basic
D:2:      layout_loops_ring, serial_forest, infiniplex_forest_straight_3,
          infiniplex_forest_split, infiniplex_forest_clump_double,
          infiniplex_forest_end_1, infiniplex_forest_lined_3,
          infiniplex_forest_lined_2, infiniplex_forest_clump_small, basic_altar,
          uniq_natasha
D:3:      layout_loops_cross, grunt_dithmenos_smoke, nicolae_uskayaw_dance_hall,
          hellmonk_ecumenical_altar_inner_sanctum, minmay_lizard_king,
          uniq_robin
D:4:      layout_cave_pools, gammafunk_ghost_arena, minmay_misc_feat_tower,
          roderic_nine_men_s_morris

Skill      XL: |  1  2  3  4  5 |
---------------+----------------+-----
Ranged Weapons | 3 4 5 6 |  6.1
Fighting       | 2 3 |  3.8
Armour         | 2 |  2.0
Dodging        | |  2.1
Spellcasting   | |  1.0
Hexes          | |  2.0

Action                     |  1- 3 |  4- 6 || total
---------------------------+-------+-------++-------
   Fire: Sling             |    96 |   202 ||   298
    Use: Scroll            |     2 |     3 ||     5
 Armour: Robe              |     3 |       ||     3
         Ring mail         |     5 |    61 ||    66
  Dodge: Dodged            |    28 |    78 ||   106

Table legend:
 A = Non-vault XP
 B = Vault XP
 C = Vault XP percentage of total XP
 D = Non-vault monster count
 E = Vault monster count
 F = Vault count percentage of total count
                 A         B        C        D         E       F
            +---------+---------+-------+---------+---------+-------
      Total |     391 |      82 |  17.3 |      69 |      24 |  25.8
            +---------+---------+-------+---------+---------+-------
        D:1 |      73 |       0 |   0.0 |      25 |       0 |   0.0
        D:2 |      99 |      35 |  26.1 |      24 |       1 |   4.0
        D:3 |     160 |      47 |  22.7 |      14 |      23 |  62.2
        D:4 |      59 |       0 |   0.0 |       6 |       0 |   0.0
            +---------+---------+-------+---------+---------+-------
